 Dungeon Crawl Stone Soup version 0.25-a0-73-g9796ba8d15 (webtiles) character file.

Game seed: 14910889306556264718, levelgen mode: deterministic

3596 Amnesiac the Geomancer (level 10, 0/44 HPs)
             Began as a Vine Stalker Earth Elementalist on Nov 5, 2019.
             Was an Initiate of Dithmenos.
             Slain by a hornet (2 damage)
             ... on level 8 of the Dungeon.
             The game lasted 00:24:20 (8442 turns).

Amnesiac the Geomancer (VSEE)                       Turns: 8442, Time: 00:24:20

Health: 0/44       AC:  9    Str: 11    XL:     10   Next: 10%
Magic:  0/23       EV: 10    Int: 15    God:    Dithmenos [......]
Gold:   123        SH:  0    Dex: 18    Spells: 13/25 levels left

rFire    . . .     SeeInvis .   C - +0 dagger (holy)
rCold    . . .     Gourm    .   (no shield)
rNeg     + . .     Faith    .   v - +4 ring mail {rN+}
rPois    .         Spirit   +   (no helmet)
rElec    .         Reflect  .   (no cloak)
rCorr    .         Harm     .   (no gloves)
MR       +....                  (no boots)
Stlth    ++........             (no amulet)
HPRegen  0.54/turn              l - ring of flight
MPRegen  0.18/turn              (no ring)

@: lethally poisoned (0 -> -28), slowed, invisible, very slow
A: fangs 3, regeneration 1, magic shield, antimagic bite, no potion heal 3, rot
immunity
a: Renounce Religion, Evoke Flight


You were on level 8 of the Dungeon.
You worshipped Dithmenos.
Dithmenos was noncommittal.
You were not hungry.

You visited 2 branches of the dungeon, and saw 9 of its levels.

You collected 371 gold pieces.
You spent 248 gold pieces at shops.

Inventory:

Hand Weapons
 C - a +0 dagger of holy wrath (weapon)
 F - a +0 dagger of pain
Missiles
 b - 45 stones (quivered)
 k - 209 arrows
 m - 40 poisoned darts
 r - 7 silver boomerangs
Armour
 o - a +0 troll leather armour {Purgy}
 v - a +4 ring mail of positive energy (worn)
 w - a +2 robe of fire resistance
Jewellery
 l - a ring of flight (left hand)
Wands
 t - a wand of clouds (5)
 B - a wand of disintegration (15)
Scrolls
 a - a scroll of blinking {!r}
 f - 3 scrolls of teleportation {!r}
 p - a scroll of enchant weapon {!r}
 s - 5 scrolls of remove curse {!r}
 x - 2 scrolls of enchant armour {!r}
 y - a scroll of amnesia {!r, unknown}
 A - a scroll of fear {!r, unknown}
 E - a scroll of identify {!r}
Potions
 c - 4 potions of might {!q}
 g - 2 potions of haste {!q}
 h - a potion of berserk rage {!q, unknown}
 i - 4 potions of lignification {!q}
 j - 4 potions of curing {!q}
 n - 4 potions of magic {!q, unknown}
 q - a potion of flight {!q, unknown}
 u - 2 potions of ambrosia {!q, unknown}
 z - a potion of heal wounds {!q, unknown}
Comestibles
 d - 13 rations
 D - 4 chunks of flesh


   Skills:
 * Level 5.4 Short Blades
 - Level 1.5 Dodging
 - Level 3.0 Stealth
 - Level 8.0 Spellcasting
 + Level 3.4 Transmutations
 - Level 10.0 Earth Magic


You had 13 spell levels left.
You knew the following spells:

 Your Spells              Type           Power        Failure   Level  Hunger
a - Sandblast             Erth           #####.       1%          1    None
b - Passwall              Tmut/Erth      ####....     2%          2    None
d - Lee's Rapid Deconstr  Erth           #####.....   13%         5    #####..
e - Petrify               Tmut/Erth      ####....     19%         4    ####...

Your spell library contained the following spells:

 Spells                   Type           Power        Failure   Level  Hunger
 Stone Arrow              Conj/Erth      ###...       11%         3    ##.....
 Flame Tongue             Conj/Fire      #....        28%         1    None


Dungeon Overview and Level Annotations

Branches:
Dungeon (8/15)             Temple (1/1) D:7
   Lair: D:8-11

Altars:
Ashenzari
Dithmenos
Elyvilon
Fedhas
Gozag
Hepliaklqana
Kikubaaqudgha
Makhleb
Nemelex Xobeh
Okawaru
Qazlal
Ru
Sif Muna
Trog
Uskayaw
Vehumet
Wu Jian
Xom
Yredelemnul
Zin
The Shining One

Shops:
D:6 %*[[=

Annotations:
D:5 2 transporters


Innate Abilities, Weirdness & Mutations

You have razor-sharp teeth.
Your natural rate of healing is unusually fast.
When hurt, damage is shared between your health and your magic reserves.
Your bite disrupts and absorbs the magic of your enemies.
Potions cannot restore your health.
You are immune to rotting.


Message History

c - 4 potions of might {!q} (gained 1)
E - a scroll of identify {!r} Magic restored.
f - 3 scrolls of teleportation {!r} (gained 1)
d - 13 rations (gained 1) 2 worms come into view.
The helpless worm fails to defend itself.
You impale the worm!!
You kill the worm!
Dithmenos accepts your kill.
You hit the worm. You bite the worm. You drain its power.
You feel invigorated.
The worm is heavily wounded.
The worm bites you!
You barely miss the worm. You bite the worm! You drain its power.
You feel invigorated.
The worm is severely wounded.
You hit the worm. You bite the worm.
You kill the worm!
Dithmenos accepts your kill.
A hornet comes into view.
You see here a worm corpse.
A soldier ant comes into view.
The hornet buzzes angrily.
The soldier ant twitches its antennae in your direction.
The hornet closely misses you. The soldier ant stings you.
You are poisoned.
The soldier ant poisons you!
You feel sick. The hornet stings you!
You are more poisoned.
You suddenly lose the ability to move!
You feel sick. The hornet stings you!
* * * LOW HITPOINT WARNING * * *
You feel yourself slow down.
You can move again.
You see here a worm corpse.
Unknown command.
Unknown command.
Unknown command.
Casting: Passwall (safe; 2% risk of failure)
Confirm with . or Enter, or press ? or * to list all spells.
Aiming: Petrify (slightly dangerous; 19% risk of failure)
Press: ? - help, Shift-Dir - straight line, f - hornet
Aim: a hornet (chance to defeat MR: 47%)
The hornet resists with some effort.
You feel very sick. The hornet stings you.
You are lethally poisoned!
You feel as though you will be slow longer.
The hornet stings you!
* * * LOW HITPOINT WARNING * * *
You are more poisoned.
You feel as though you will be slow longer.
The hornet barely misses you.
Unknown command.
Really quaff
e - a potion of invisibility {!q}?
You fade into invisibility!
* * * LOW HITPOINT WARNING * * *
You feel very sick. The hornet stings you.
* * * LOW HITPOINT WARNING * * *
You are more poisoned.
You feel as though you will be slow longer.
The hornet stings you.
You die...

.......)>......[.#######
#######..........#
#..........##
#...........##
#............#
#......###.###
#......#.#.##
#......##.#.#
#......#.#@##
#......##y#.#
#......#.#a## #########
##


You could see a hornet.

Vanquished Creatures
  Grinder (D:5)
  Sigmund (D:3)
  Purgy (D:2)
  2 orc warriors
  2 sky beasts
  A black bear (D:6)
  2 ogres
  3 centaurs
  3 bullfrogs
  A gnoll sergeant (D:7)
  5 killer bees (D:7)
  7 electric eels (D:6)
  4 wights
  2 howler monkeys
  A crimson imp (D:6)
  2 bullfrog zombies (D:5)
  3 hounds
  A quasit (D:5)
  2 centaur skeletons
  3 jellies
  4 orc priests
  2 iguanas
  Natasha (thrice) (D:3)
  7 worker ants
  10 orc wizards
  A hound skeleton (D:7)
  5 adders
  4 gnolls
  4 shadow imps
  An adder zombie (D:6)
  3 oozes (D:5)
  An adder skeleton (D:5)
  3 worms
  A dart slug (D:3)
  4 leopard geckos
  28 orcs
  6 bats
  4 giant cockroaches
  6 goblins
  3 hobgoblins
  7 jackals
  5 kobolds
  A quokka (D:8)
  A ball python (D:3)
  5 frilled lizards
  A giant cockroach zombie (D:5)
  2 leopard gecko skeletons
  2 quokka skeletons (D:7)
  7 rats
  A plant (D:6)
179 creatures vanquished.

Vanquished Creatures (others)
  A crimson imp (D:6)
1 creature vanquished.

Grand Total: 180 creatures vanquished

Notes
Turn   | Place    | Note
-------+----------+-------------------------------------------
     0 | D:1      | Amnesiac the Vine Stalker Earth Elementalist began the
                  | quest for the Orb.
     0 | D:1      | Reached XP level 1. HP: 9/9 MP: 4/4
   225 | D:2      | Reached XP level 2. HP: 3/13 MP: 1/6
   316 | D:2      | Learned a level 2 spell: Passwall
   923 | D:1      | Reached XP level 3. HP: 16/16 MP: 7/7
  1965 | D:3      | Noticed Purgy
  2210 | D:3      | Reached skill level 4 in Earth Magic
  2423 | D:3      | Noticed Natasha
  2452 | D:3      | Gained mutation: Your natural rate of healing is unusually
                  | fast. [Vine Stalker growth]
  2452 | D:3      | Reached XP level 4. HP: 21/21 MP: 7/9
  2745 | D:3      | Learned a level 4 spell: Petrify
  2903 | D:2      | Killed Purgy
  2903 | D:2      | Reached skill level 1 in Short Blades
  2903 | D:2      | Reached XP level 5. HP: 19/24 MP: 0/11
  3100 | D:3      | Noticed Sigmund
  3133 | D:3      | Killed Sigmund
  3133 | D:3      | Reached skill level 5 in Earth Magic
  3133 | D:3      | Reached XP level 6. HP: 23/28 MP: 8/12
  3250 | D:3      | Found a shimmering blue altar of Sif Muna.
  3417 | D:3      | Killed Natasha
  3536 | D:3      | Noticed Natasha
  3545 | D:3      | Killed Natasha
  3700 | D:3      | Noticed Natasha
  3705 | D:3      | Killed Natasha
  3750 | D:4      | Reached XP level 7. HP: 32/32 MP: 14/14
  3759 | D:4      | Learned a level 5 spell: Lee's Rapid Deconstruction
  3966 | D:4      | Reached skill level 6 in Earth Magic
  4550 | D:5      | Entered Level 5 of the Dungeon
  4803 | D:5      | Found a transporter.
  4810 | D:5      | Reached skill level 5 in Spellcasting
  4810 | D:5      | Reached skill level 7 in Earth Magic
  4810 | D:5      | Gained mutation: You have razor-sharp teeth. [Vine Stalker
                  | growth]
  4810 | D:5      | Reached XP level 8. HP: 23/36 MP: 7/16
  5293 | D:5      | Found a transporter.
  5354 | D:5      | Noticed Grinder
  5454 | D:5      | Killed Grinder
  5454 | D:5      | Reached skill level 8 in Earth Magic
  5926 | D:6      | Found Xusmiutt's Armour Shop.
  5986 | D:6      | Found a white marble altar of Elyvilon.
  5987 | D:6      | Found an opulent altar of Gozag.
  5990 | D:6      | Found a hazy altar of Hepliaklqana.
  5992 | D:6      | Found a blossoming altar of Fedhas.
  5992 | D:6      | Found an ornate altar of the Wu Jian Council.
  6063 | D:6      | Reached skill level 9 in Earth Magic
  6066 | D:6      | Reached XP level 9. HP: 32/39 MP: 5/19
  6067 | D:6      | Found a radiant altar of Vehumet.
  6074 | D:6      | Identified Vehumet's Collected Works on Conjuration
  6082 | D:6      | Found an ancient bone altar of Kikubaaqudgha.
  6091 | D:6      | Found a shimmering blue altar of Sif Muna.
  6169 | D:6      | Found Delyisk's Jewellery Shoppe.
  6402 | D:6      | Found Qasubej's Assorted Antiques.
  6405 | D:6      | Found Bang's Food Shoppe.
  6426 | D:6      | Found Miluzo's Armour Shoppe.
  6466 | D:6      | Bought a scroll labeled WIAMEW BYMA for 32 gold pieces
  6466 | D:6      | Bought a smoky golden potion for 28 gold pieces
  6466 | D:6      | Bought a brown potion for 28 gold pieces
  6466 | D:6      | Bought a runed dagger for 160 gold pieces
  6507 | D:6      | Reached skill level 10 in Earth Magic
  7218 | D:7      | HP: 1/39 [poisoned by a killer bee]
  7224 | D:7      | HP: 1/39 [poisoned by a killer bee]
  7457 | D:7      | Found a staircase to the Ecumenical Temple.
  7461 | Temple   | Entered the Ecumenical Temple
  7512 | Temple   | Became a worshipper of Dithmenos the Shadowed
  7560 | D:7      | Reached XP level 10. HP: 15/44 MP: 0/23
  7681 | D:7      | Reached skill level 5 in Short Blades
  8232 | D:7      | Found a glowing silver altar of Zin.
  8232 | D:7      | Found a faded altar of an unknown god.
  8239 | D:7      | Found a shattered altar of Ashenzari.
  8241 | D:7      | Found a bloodstained altar of Trog.
  8243 | D:7      | Found a faded altar of an unknown god.
  8439 | D:8      | Paralysed by a hornet for 2 turns
  8442 | D:8      | HP: 2/44 [hornet (3)]
  8442 | D:8      | Slain by a hornet

Levels and vault maps discovered:
D:1:      evilmike_arrival_plus, layout_basic
D:2:      layout_loops_corners, first_ration, kennysheep_generic_room_9
D:3:      layout_rooms, tgw_sif, uniq_natasha, uniq_purgy, uniq_sigmund
D:4:      layout_basic
D:5:      gammafunk_cloud_chamber, layout_layer_cave, uniq_grinder
D:6:      cheibrodos_two_vegetables, layout_basic, palyth_temple_overflow_mages,
          grunt_temple_overflow_open, serial_shops, nicolae_shop_stone,
          kennysheep_mini_moat, shop, shop, nicolae_shop_crystal, serial_bayou,
          serial_bayou_pond_d, serial_bayou_pond_c, serial_bayou_crossing,
          serial_bayou_lagoon_a
D:7:      layout_basic, chequers_temple_overflow_minitemple,
          minmay_temple_entry_ruins
D:8:      layout_basic, old_standard_altar, hangedman_pestilent_swarm,
          uniq_erica
Temple:   compressed_dpeg_circular_temple

Skill      XL: |  1  2  3  4  5  6  7  8  9 10 |
---------------+-------------------------------+-----
Stealth        | 3 |  3.0
Earth Magic    | 4 5 7 9 10 | 10.0
Short Blades   | 1 2 3 4 5 |  5.4
Spellcasting   | 3 4 5 6 8 |  8.0
Transmutations | 2 3 |  3.4
Dodging        | |  1.5

Action                   |  1- 3 |  4- 6 |  7- 9 | 10-12 || total
-------------------------+-------+-------+-------+-------++-------
Melee: Dagger            |   163 |    47 |   345 |    44 ||   599
       Bite              |    35 |     7 |   110 |    17 ||   169
       Unarmed           |     1 |       |       |       ||     1
Throw: Stone             |       |     2 |       |       ||     2
 Cast: Sandblast         |    16 |    27 |   113 |    13 ||   169
       Passwall          |     4 |     4 |    11 |     2 ||    21
       Lee's Rapid Decon |       |       |     7 |     2 ||     9
       Petrify           |       |       |       |     5 ||     5
Evoke: Wand              |       |     2 |     3 |       ||     5
  Use: Potion            |     4 |       |     1 |     1 ||     6
       Scroll            |     3 |     1 |     2 |     6 ||    12
 Stab: Sleeping          |    11 |     1 |     4 |     2 ||    18
       Petrified         |       |       |       |     4 ||     4
       Petrifying        |       |       |       |     1 ||     1
  Eat: Chunk             |     5 |     5 |    14 |     2 ||    26
       Ration            |       |       |       |     1 ||     1
Armor: Robe              |    42 |    12 |       |       ||    54
       Ring mail         |       |       |   125 |    12 ||   137
       Troll leather arm |       |       |     1 |       ||     1
Dodge: Dodged            |   129 |    67 |   156 |    28 ||   380

Table legend:
 A = Non-vault XP
 B = Vault XP
 C = Vault XP percentage of total XP
 D = Non-vault monster count
 E = Vault monster count
 F = Vault count percentage of total count
                 A         B        C        D         E       F
            +---------+---------+-------+---------+---------+-------
      Total |    3937 |    1201 |  23.4 |     160 |      18 |  10.1
            +---------+---------+-------+---------+---------+-------
        D:1 |      20 |       0 |   0.0 |      12 |       0 |   0.0
        D:2 |      37 |     138 |  78.9 |      23 |       1 |   4.2
        D:3 |     112 |     288 |  72.0 |      19 |       3 |  13.6
        D:4 |     172 |       0 |   0.0 |       7 |       0 |   0.0
        D:5 |     899 |     281 |  23.8 |      26 |       1 |   3.7
        D:6 |    1400 |     484 |  25.7 |      40 |      11 |  21.6
        D:7 |    1096 |       0 |   0.0 |      27 |       0 |   0.0
        D:8 |     187 |      10 |   5.1 |       5 |       2 |  28.6
     Temple |      14 |       0 |   0.0 |       1 |       0 |   0.0
            +---------+---------+-------+---------+---------+-------
